 Dungeon Crawl Stone Soup version 0.20.1-1-g8b1a95d (webtiles) character file.

10 Folque the Magician (level 2, 0/18 HPs)
             Began as an Octopode Wizard on Nov 10, 2017.
             Slain by a frilled lizard (1 damage)
             ... on level 1 of the Dungeon.
             The game lasted 00:01:01 (451 turns).

Folque the Magician (Octopode Wizard)                Turns: 451, Time: 00:01:02

Health: 0/18       AC:  1    Str:  6    XL:     2   Next: 20%
Magic:  6/6        EV: 13    Int: 20    God:
Gold:   7          SH:  0    Dex: 10    Spells: 6/7 levels left

rFire    . . .     SeeInvis .   d - +0 club
rCold    . . .     Gourm    .   (no shield)
rNeg     . . .     Faith    .   a - +0 hat
rPois    .         Spirit   .   (no amulet)
rElec    .         Reflect  .   (no ring)
rCorr    .         Harm     .   (no ring)
MR       .....                  (no ring)
Stlth    +++.......             (no ring)
Regen    0.1/turn               (no ring)
MPRegen  0.1/turn               (no ring)
                                (no ring)
                                (no ring)

@: about to teleport
A: almost no armour, stealthy swim, amphibious, 8 rings, constrict 8, camouflage
1, gelatinous body 1
a: no special abilities


You were on level 1 of the Dungeon.
You were not hungry.

You visited 1 branch of the dungeon, and saw 1 of its levels.

You collected 7 gold pieces.

Inventory:

Hand Weapons
 d - a +0 club (weapon)
Armour
 a - a +0 hat (worn)
Books
 b - a book of Minor Magic

   Spells                             Type                      Level
   a - Magic Dart                     Conjuration                  1
   b - Blink                          Translocation                2
   c - Call Imp                       Summoning                    2
   d - Slow                           Hexes                        2
   e - Conjure Flame                  Conjuration/Fire             3
   f - Mephitic Cloud                 Conjuration/Poison/Air       3
Comestibles
 c - a bread ration
 f - a meat ration
 g - 4 chunks of flesh


   Skills:
 * Level 0.4 Fighting
 - Level 2.1 Dodging
 - Level 2.6 Stealth
 + Level 3.3 Spellcasting
 - Level 1.0 Conjurations
   Level 1.0 Summonings
   Level 1.0 Translocations


You had 6 spell levels left.
You knew the following spells:

 Your Spells              Type           Power        Failure   Level  Hunger
a - Magic Dart            Conj           #...         9%          1    None


Dungeon Overview and Level Annotations

Branches:
Dungeon (1/15)

Altars:


Innate Abilities, Weirdness & Mutations

You cannot wear most types of armour.
You are very stealthy in the water. (Stealth+)
You are amphibious.
You can wear up to eight rings at the same time.
You can use your tentacles to constrict eight enemies at once.
Your skin changes colour to match your surroundings (Stealth+).
Your rubbery body absorbs attacks. (AC +1, EV +1)


Message History

The frilled lizard bites you.
A hobgoblin comes into view.
The frilled lizard bites you.
You closely miss the goblin. Your grab misses the goblin. The goblin hits you.
The frilled lizard closely misses you. The goblin hits you.
You barely miss the frilled lizard. Your grab misses the frilled lizard.
The frilled lizard bites you. The goblin closely misses you.
You barely miss the goblin. You grab the goblin. You constrict the goblin.
The frilled lizard bites you. The goblin misses you.
You hit the goblin but do no damage.
The goblin is moderately wounded.
You constrict the goblin. The frilled lizard bites you.
* * * LOW HITPOINT WARNING * * *
The goblin hits you but does no damage. The frilled lizard barely misses you.
As you read the scroll labeled ESIUSTRYLLO, it crumbles to dust.
You feel strangely unstable.
It was a scroll of teleportation.
You constrict the goblin. The goblin hits you with a dagger.
* * * LOW HITPOINT WARNING * * *
The frilled lizard bites you.
You die...

#.##.##.......... #.
...#...#.......### #..
..............#### ..##
#.##...#(......... #.
....#.....##..รท...####
#..##$....#..............
..#...##.#.##..#...#####
............#..##.## #..
#@g......##.#
...##.##l#...#..##..
#.....)gg##.##..##.##
.....##gl.......##.# #..
#...#..#.##.##.# #
#.#.#.......#
#....#.#####.# ..#.#.#.#
.# #.. .....#


You could see a leopard gecko, 2 hobgoblins, 2 goblins and a frilled lizard.

Vanquished Creatures
  A dart slug (D:1)
  A goblin (D:1)
  2 hobgoblins (D:1)
  2 bats (D:1)
  2 frilled lizards (D:1)
  A kobold (D:1)
9 creatures vanquished.

Notes
Turn   | Place    | Note
-------+----------+-------------------------------------------
     0 | D:1      | Folque the Octopode Wizard began the quest for the Orb.
     0 | D:1      | Reached XP level 1. HP: 11/11 MP: 4/4
   415 | D:1      | Reached XP level 2. HP: 14/17 MP: 6/6
   451 | D:1      | Slain by a frilled lizard

Action                   || total
-------------------------++-------
Melee: Unarmed           ||    10
       Club              ||    19
       Constrict         ||     8
       Tentacles         ||     2
 Cast: Magic Dart        ||     3
  Use: Scroll            ||     1
 Stab: Sleeping          ||     1
Armor: Skin              ||    10
Dodge: Dodged            ||    26
